 Dungeon Crawl Stone Soup version 0.31.0-32-g396128a36d (webtiles) character file.

Game seed: 1362743329368891838

57 0gre the Chiller (level 4, 23/32 HPs)
             Began as a Gnoll Ice Elementalist on Apr 24, 2024.
             Quit the game on level 2 of the Dungeon.
             The game lasted 00:04:57 (1577 turns).

0gre the Chiller (Gnoll Ice Elementalist)           Turns: 1577, Time: 00:04:58

Health: 23/32      AC:  3    Str:  8    XL:     4   Next: 0%
Magic:  11/11      EV: 13    Int: 14    God:
Gold:   189        SH:  0    Dex: 14    Spells: 9/13 levels left

rFire   . . .        a - +1 spear (venom)
rCold   . . .        n - orb {light}
rNeg    . . .        e - +0 robe
rPois   .            (no helmet)
rElec   .            (no cloak)
rCorr   .            (no gloves)
SInv    .            k - +0 pair of boots
Will    .....        (no amulet)
Stlth   +            (no ring)
HPRegen 0.25/turn    (no ring)
MPRegen 0.12/turn

%: no passive effects
@: glowing
A: fangs 1, strong nose, distributed training
a: no special abilities


You were on level 2 of the Dungeon.
You visited 1 branch of the dungeon, and saw 2 of its levels.

You collected 189 gold pieces.

Inventory:

Hand Weapons
 a - a +1 spear of venom (weapon)
Armour
 e - a +0 robe (worn)
 k - a +0 pair of boots (worn)
 n - an orb of light (worn)
Scrolls
 c - a scroll of fog {unknown}
 d - 2 scrolls of immolation {unknown}
 i - a scroll of torment {unknown}
 j - 2 scrolls of teleportation {unknown}
 l - a scroll of fear {unknown}
Potions
 b - a potion of magic
 f - a potion of curing {unknown}
 g - a potion of attraction {unknown}
 h - a potion of might {unknown}
 m - 2 potions of mutation {unknown}


   Skills:
 + Level 1.0 Fighting
 + Level 1.0 Short Blades
 + Level 1.0 Long Blades
 + Level 1.0 Axes
 + Level 1.0 Maces & Flails
 + Level 1.0 Polearms
 + Level 1.0 Staves
 + Level 1.0 Ranged Weapons
 + Level 1.0 Throwing
 + Level 1.0 Armour
 + Level 4.6 Dodging
 + Level 4.2 Stealth
 + Level 1.0 Shields
 + Level 1.0 Unarmed Combat
 + Level 5.0 Spellcasting
 + Level 0.8 Conjurations
 + Level 0.8 Hexes
 + Level 0.8 Summonings
 + Level 0.8 Necromancy
 + Level 0.8 Translocations
 + Level 0.8 Fire Magic
 + Level 7.1 Ice Magic
 + Level 0.8 Air Magic
 + Level 0.8 Earth Magic
 + Level 0.8 Alchemy
 + Level 1.1 Invocations
 + Level 1.0 Evocations
 + Level 1.0 Shapeshifting


You had 9 spell levels left.
You knew the following spells:

 Your Spells              Type           Power      Damage    Failure   Level
a - Freeze                Ice            92%        1d9       1%          1
b - Frozen Ramparts       Ice            46%        1d7       2%          3

Your spell library contained the following spells:

 Spells                   Type           Power      Damage    Failure   Level
 Ozocubu's Armour         Ice            23%        N/A       2%          3
 Summon Ice Beast         Ice/Summ       14%        N/A       10%         3
 Blink                    Tloc           10%        N/A       19%         2
 Lesser Beckoning         Tloc           10%        N/A       19%         2
 Momentum Strike          Conj/Tloc      10%        3d8       19%         2


Dungeon Overview and Level Annotations

Branches:
Dungeon (2/15)

Altars:
Elyvilon


Innate Abilities, Weirdness & Mutations

You have very sharp teeth.
Your uncanny sense of smell can sniff out nearby items.
Your experience applies equally to all skills.


Message History

You barely miss the endoplasm.
The endoplasm hits you but does no damage.
You hit the endoplasm.
You bite the endoplasm, but do no damage.
The endoplasm is severely wounded.
The endoplasm barely misses you.
You hit the endoplasm.
You kill the endoplasm!
You see here an orb of light.
You start putting on your armour.
You continue putting on your orb of light. x4
You finish putting on your orb of light.
Found a stone staircase leading up.
There is a stone staircase leading up here.
m - 2 orange potions (gained 1)
Found a stone staircase leading up.
There is a stone staircase leading up here.
You see here a +0 mace.
You now have 189 gold pieces (gained 14).
A goblin comes into view. It is wielding a +2 dagger of venom.
The goblin shouts!
You hit the goblin.
The goblin is moderately wounded.
The goblin barely misses you.
You hit the goblin.
You kill the goblin!
You see here a +2 dagger of venom.
A goblin comes into view. It is wielding a +0 club.
Found 11 gold pieces.
The goblin shouts!
The goblin hits you with a +0 club.
You barely miss the goblin. You bite the goblin.
The goblin is moderately wounded.
The goblin hits you with a +0 club. x2
You hit the goblin.
You kill the goblin!
Your Shapeshifting skill increases to level 1!
You have reached level 4!
You feel stronger.
Are you sure you want to abandon this character and quit the game? (Confirm with "yes".)

#..#.#.# #..#. #..#.#.###..#.
#..#.#......#. #.)#.#..###.#.
######..#.#..# #.#.
..........##.# #.#.
######..####.# #.#.
#.#######..####<###.#.
#$..)@................
##########.####.######
################# #.# #.#
................#####.####.###
##########.####......).....).#
#.## #######.##.....#
###..###..............#
#............#.##.....#
#.##......##.#.##.....#


There were no monsters in sight!

Vanquished Creatures
  2 adders (D:2)
  A dart slug (D:1)
  3 bats
  6 endoplasms
  A giant cockroach (D:1)
  5 goblins
  2 jackals (D:1)
  6 kobolds
  3 ball pythons
  2 frilled lizards (D:1)
  2 rats (D:2)
33 creatures vanquished.

Notes
Turn   | Place    | Note
-------+----------+-------------------------------------------
     0 | D:1      | 0gre the Gnoll Ice Elementalist began the quest for the
                  | Orb.
     0 | D:1      | Reached XP level 1. HP: 13/13 MP: 6/6
   139 | D:1      | Reached XP level 2. HP: 19/19 MP: 7/7
   851 | D:1      | Reached skill level 5 in Spellcasting
   851 | D:1      | Reached XP level 3. HP: 16/23 MP: 6/9
   855 | D:1      | Learned a level 3 spell: Frozen Ramparts
   986 | D:2      | Reached skill level 1 in Invocations
  1085 | D:2      | Found a white marble altar of Elyvilon.
  1119 | D:2      | Identified the +7 flail of Naraofufia {freeze, rPois Str-5
                  | Dex+3}
  1285 | D:2      | Reached skill level 1 in Fighting
  1285 | D:2      | Reached skill level 1 in Short Blades
  1285 | D:2      | Reached skill level 1 in Long Blades
  1285 | D:2      | Reached skill level 1 in Axes
  1285 | D:2      | Reached skill level 1 in Maces & Flails
  1285 | D:2      | Reached skill level 1 in Polearms
  1285 | D:2      | Reached skill level 1 in Staves
  1285 | D:2      | Reached skill level 1 in Ranged Weapons
  1285 | D:2      | Reached skill level 1 in Throwing
  1285 | D:2      | Reached skill level 1 in Armour
  1285 | D:2      | Reached skill level 1 in Shields
  1285 | D:2      | Reached skill level 1 in Unarmed Combat
  1285 | D:2      | Reached skill level 1 in Evocations
  1577 | D:2      | Reached skill level 1 in Shapeshifting
  1577 | D:2      | Reached XP level 4. HP: 23/32 MP: 11/11
  1577 | D:2      | Quit the game

Illustrated notes

Levels and vault maps discovered:
D:1:      scummos_arrival_simple_fountains, layout_basic
D:2:      layout_loops_ring, basic_altar, minivault_19, minmay_split_cup_large

Skill      XL: |  1  2  3 |
---------------+----------+-----
Spellcasting   | 5 |  5.0
Invocations    | 1 |  1.1
Fighting       | 1 |  1.0
Short Blades   | 1 |  1.0
Long Blades    | 1 |  1.0
Axes           | 1 |  1.0
Maces & Flails | 1 |  1.0
Polearms       | 1 |  1.0
Staves         | 1 |  1.0
Ranged Weapons | 1 |  1.0
Throwing       | 1 |  1.0
Armour         | 1 |  1.0
Shields        | 1 |  1.0
Unarmed Combat | 1 |  1.0
Evocations     | 1 |  1.0
Shapeshifting  | 1 |  1.0
Dodging        | |  4.6
Stealth        | |  4.2
Conjurations   | |  0.8
Hexes          | |  0.8
Summonings     | |  0.8
Necromancy     | |  0.8
Translocations | |  0.8
Fire Magic     | |  0.8
Ice Magic      | |  7.1
Air Magic      | |  0.8
Earth Magic    | |  0.8
Alchemy        | |  0.8

Action                     |  1- 3 |  4- 6 || total
---------------------------+-------+-------++-------
  Melee: Flail             |    13 |       ||    13
         Spear             |    41 |       ||    41
         Bite              |     8 |       ||     8
   Cast: Freeze            |     7 |       ||     7
         Frozen Ramparts   |     1 |       ||     1
   Stab: Sleeping          |    12 |       ||    12
 Armour: Robe              |    23 |       ||    23
  Dodge: Dodged            |    32 |       ||    32
